cohdb
Replays
Latest Replays
All Replays
Popular Replays
Top Player Replays
Match Explorer
How It Works
Community
CoH3 Stats
Reddit
Sign in to upload your games and track your stats! →
Sign in with Steam
Match 27638078
Unlisted
Match 27638078
Overview
Messages
Build Orders
End
Selects Airborne Battlegroup
Selects Pathfinders
Pathfinder Squad
Pathfinder Squad
Pathfinder Squad
Selects Smoke Bombing Run
Air Support Center
Construct Weapon Support Center
Grasshopper Recon Run
Pathfinder Squad
M3 Armored Personnel Carrier
P-47 Dive Bomb
Selects Supply Drop
Supply Drop
M3 Armored Personnel Carrier
P-47 Dive Bomb
M3 Armored Personnel Carrier
Engineer Squad
Supply Drop
Grasshopper Recon Run
Air Supremacy
Air Supply
P-47 Dive Bomb
Pathfinder Squad
P-47 Strafing Run
Chunjang
Bundeswehr_IQ
SpaceMandoo
MMMMMMMMMMMM
Cracknikus
PelusaNinja
MrReaper
Wilthar
0
0
Comments
sign in to comment!
No comments posted yet!